 Dungeon Crawl Stone Soup version 0.28.0-1-gb440e238dd (webtiles) character file.

Game seed: 537459424600110761

112196 pkoi the Gelid (level 16, -2/118 HPs)
             Began as a Black Draconian Ice Elementalist on Feb 21, 2022.
             Was a High Priest of Sif Muna.
             Killed from afar by a hell hog (38 damage)
             ... with a fireball
             ... on level 2 of the Abyss.
             The game lasted 01:41:25 (47368 turns).

pkoi the Gelid (Black Draconian Ice Elementalist)  Turns: 47368, Time: 01:41:25

Health: -2/118     AC: 20    Str: 13    XL:     16   Next: 11%
Magic:  24/31      EV: 14    Int: 21    God:    Sif Muna [*****.]
Gold:   1764       SH:  0    Dex: 12    Spells: 11/37 levels left

rFire   . . .      SeeInvis .   D - +2 great sword
rCold   . . .      Faith    +   (shield currently unavailable)
rNeg    . . .      Spirit   .   (armour unavailable)
rPois   .          Reflect  .   T - +1 hat {Stlth+}
rElec   +          Harm     .   C - +2 cloak
rCorr   +          Rampage  .   t - +0 pair of gloves
Will    ++...                   k - +1 pair of boots
Stlth   +++.......              a - amulet "Efeiheutach" {Faith +Blink Will+}
HPRegen 0.29/turn               O - ring of resist corrosion
MPRegen 0.22/turn               j - +4 ring of protection

@: freezing walls, flying, studying Long Blades
A: breathe lightning, AC +9, unfitting armour, big wings, electricity
resistance, cold-blooded
a: Breathe Lightning, Renounce Religion, Evoke Blink, Channel Magic, Forget
Spell, Divine Exegesis


You were on level 2 of the Abyss.
You worshipped Sif Muna.
Sif Muna was extremely pleased with you.
You visited 7 branches of the dungeon, and saw 27 of its levels.
You visited the Abyss 1 time.
You also visited: Sewer, Ossuary, Bailey and Volcano.

You collected 2233 gold pieces.
You spent 469 gold pieces at shops.

Inventory:

Hand Weapons
 f - the +1 shortbow "Imog" {flame, rPois rCorr Int-2 Dex-2}
   (You found it on level 11 of the Dungeon)

   Any ammunition fired from it burns those it strikes, dealing additional fire
   damage.
   Int:       It affects your intelligence (-2).
   Dex:       It affects your dexterity (-2).
   rPois:     It protects you from poison.
   rCorr:     It protects you from acid and corrosion.
 m - the +1 rapier of Midwinter {spect, Will+ rCorr}
   (You found it on level 5 of the Dungeon)

   When its wielder attacks, the weapon's spirit leaps out and strikes again.
   The spirit shares a part of any damage it takes with its wielder.
   rCorr:     It protects you from acid and corrosion.
   Will:      It increases your willpower.
 D - a +2 great sword (weapon)
Missiles
 L - 5 curare-tipped darts
Armour
 k - a +1 pair of boots (worn)
 t - a +0 pair of gloves (worn)
 C - a +2 cloak (worn)
 T - a +1 hat of stealth (worn)
Magical Staves
 c - a staff of conjuration
 n - a staff of air
 Y - a staff of cold
Jewellery
 a - the amulet "Efeiheutach" (around neck) {Faith +Blink Will+}
   (You found it on level 14 of the Dungeon)

   [amulet of faith]

   It allows you to gain divine favour quickly.
   +Blink:    It lets you blink.
   Will:      It increases your willpower.
 e - a ring of see invisible
 h - a ring of fire
 j - a +4 ring of protection (right hand)
 l - an amulet of the acrobat
 O - a ring of resist corrosion (left hand)
 X - a ring of wizardry
Wands
 o - a wand of digging (14)
 u - a wand of charming (6)
 G - a wand of iceblast (17)
 I - a wand of mindburst (7)
 J - a wand of flame (21)
 R - a wand of paralysis (9)
Scrolls
 g - 9 scrolls of identify
 i - 2 scrolls of magic mapping
 p - 8 scrolls of enchant weapon
 q - 7 scrolls of enchant armour
 r - 6 scrolls of teleportation
 y - 2 scrolls of silence
 z - a scroll of fear
 A - a scroll of fog
 E - a scroll of blinking
 H - 5 scrolls of amnesia
 S - 3 scrolls of holy word
Potions
 b - 7 potions of curing
 d - 10 potions of heal wounds
 s - 6 potions of ambrosia
 v - 6 potions of might
 w - 8 potions of brilliance
 x - 2 potions of cancellation
 B - 2 potions of haste
 F - 2 potions of invisibility
 K - 2 potions of magic
 N - 2 potions of resistance
 P - 2 potions of berserk rage
Miscellaneous
 M - a condenser vane
 Q - a phantom mirror


   Skills:
 + Level 4.4 Fighting
 + Level 9.8 Long Blades
 + Level 6.6 Dodging
 - Level 3.0 Stealth
 - Level 1.0 Unarmed Combat
 + Level 11.0 Spellcasting
 + Level 8.8 Conjurations
 - Level 5.0 Translocations
 - Level 20.0 Ice Magic
 + Level 10.5 Air Magic
 + Level 7.3 Invocations
 + Level 1.5 Evocations


You had 11 spell levels left.
You knew the following spells:

 Your Spells              Type           Power      Damage    Failure   Level
a - Magic Dart            Conj           100%       1d8       1%          1
b - Frozen Ramparts       Ice            100%       1d12      0%          3
c - Ozocubu's Armour      Ice            77%        N/A       0%          3
d - Hailstorm             Conj/Ice       64%        3d14      1%          4
e - Airstrike             Air            26%        N/A       1%          4
f - Swiftness             Air            53%        N/A       1%          3
g - Blink                 Tloc           64%        N/A       1%          2
h - Apportation           Tloc           64%        N/A       1%          1
i - Iskenderun's Battles  Conj           48%        2d10      4%          5

Your spell library contained the following spells:

 Spells                   Type           Power      Damage    Failure   Level
 Freeze                   Ice            100%       1d11      0%          1
 Foxfire                  Conj/Fire      100%       2x1d9     1%          1
 Shock                    Conj/Air       100%       1d9       1%          1
 Ensorcelled Hibernation  Hex/Ice        100%       N/A       1%          2
 Static Discharge         Conj/Air       51%        N/A       1%          2
 Mephitic Cloud           Conj/Pois/Air  38%        N/A       1%          3
 Ice Form                 Ice/Tmut       52%        N/A       1%          4
 Conjure Flame            Conj/Fire      30%        6-21      2%          3
 Dazzling Flash           Conj/Hex       60%        N/A       2%          3
 Gell's Gravitas          Tloc           32%        N/A       2%          3
 Lesser Beckoning         Tloc           32%        N/A       2%          3
 Stone Arrow              Conj/Erth      60%        3d10      2%          3
 Teleport Other           Tloc           32%        N/A       2%          3
 Metabolic Englaciation   Hex/Ice        26%        N/A       2%          5
 Beastly Appendage        Tmut           22%        N/A       6%          1
 Sandblast                Erth           22%        2d7       6%          1
 Slow                     Hex            44%        N/A       6%          1
 Call Imp                 Summ           11%        N/A       9%          2
 Passwall                 Tmut/Erth      9%         N/A       9%          2
 Scorch                   Fire           22%        2d6       9%          2
 Wereblood                Tmut           11%        N/A       9%          2
 Flame Wave               Conj/Fire      30%        2d8       10%         4
 Sticky Flame             Conj/Fire      30%        2d5       10%         4
 Simulacrum               Ice/Necr       26%        N/A       14%         6
 Confusing Touch          Hex            11%        N/A       17%         3
 Inner Flame              Hex/Fire       11%        N/A       17%         3
 Spider Form              Tmut/Pois      11%        N/A       17%         3
 Summon Guardian Golem    Hex/Summ       11%        N/A       17%         3
 Tukima's Dance           Hex            11%        N/A       17%         3
 Conjure Ball Lightning   Conj/Air       25%        3x3d7     17%         6
 Manifold Assault         Tloc           32%        N/A       21%         5
 Irradiate                Conj/Tmut      15%        3d19      26%         5
 Anguish                  Hex/Necr       5%         N/A       50%         4
 Petrify                  Tmut/Erth      11%        N/A       50%         4
 Orb of Destruction       Conj           24%        9d9       78%         7
 Iron Shot                Conj/Erth      15%        9d4       82%         6
 Polar Vortex             Ice            38%        N/A       83%         9
 Alistair's Intoxication  Tmut/Pois      7%         N/A       85%         5
 Yara's Violent Unravell  Hex/Tmut       5%         3d4       85%         5
 Statue Form              Tmut/Erth      7%         N/A       100%        6
 Summon Cactus Giant      Summ           5%         N/A       100%        6
 Enfeeble                 Hex            5%         N/A       100%        7
 Spellforged Servitor     Conj/Summ      15%        N/A       100%        7


Dungeon Overview and Level Annotations

Branches:
Dungeon (14/15)            Temple (1/1) D:4            Lair (6/6) D:11
  Swamp (2/4) Lair:2        Snake (1/4) Lair:2        Slime (0/5) Lair:6
    Orc (2/2) D:12            Elf (1/3) Orc:2         Sewer (visited)
Ossuary (visited)          Bailey (visited)         Volcano (visited)
 Vaults: D:13-14

Altars:
Ashenzari
Cheibriados
Dithmenos
Elyvilon
Fedhas
Gozag
Hepliaklqana
Kikubaaqudgha
Makhleb
Nemelex Xobeh
Okawaru
Qazlal
Ru
Sif Muna
Trog
Uskayaw
Vehumet
Wu Jian
Xom
Yredelemnul
Zin
The Shining One
Beogh
Jiyva

Shops:
D:2 [   D:4 [   D:11 *   Orc:2 (!!*   Snake:1 *

Annotations:
D:8 1 runed translucent door, ddubois's ghost, novice OpBr
D:9 2 transporters, issech's ghost, novice TrMo
D:11 3 runed translucent doors, PerfectTommy's ghost, journeyman TrMo
Snake:1 Roxanne


Innate Abilities, Weirdness & Mutations

You can breathe wild blasts of lightning.
Your glossy black scales are hard. (AC +9)
You cannot fit into any form of body armour.
Your large and strong wings let you fly.
You are resistant to electric shocks. (rElec)
You are cold-blooded and may be slowed by cold attacks.


Message History

The quasit dies!
The fireball engulfs the hell hog.
The hell hog completely resists.
Casting: Frozen Ramparts (safe; 0% risk of failure)
Confirm with . or Enter, or press ? or * to list all spells.
A film of ice covers your body! The hell hog completely misses you.
Casting: Ozocubu's Armour (safe; 0% risk of failure)
Confirm with . or Enter, or press ? or * to list all spells.
Casting: Frozen Ramparts (safe; 0% risk of failure)
Press: ? - help, Dir - look around, f - activate The walls around you are covered in ice.
The wall freezes the hell hog.
The hell hog completely misses you.
The wall freezes the hell hog but does no damage.
The hell hog bites you but does no damage.
Unknown command.
You closely miss the hell hog.
The hell hog is lightly wounded.
The wall freezes the hell hog.
The hell hog closely misses you.
You slash the hell hog! You tail-slap the hell hog.
The hell hog is lightly wounded.
The wall freezes the hell hog.
The hell hog bites you.
* * * LOW HITPOINT WARNING * * *
The wall freezes the hell hog.
The hell hog breathes fire at you.
The fireball explodes!
The fireball engulfs you!!
* * * LOW HITPOINT WARNING * * *
The fireball engulfs the hell hog.
The hell hog completely resists.
The heat melts your icy armour.
You feel much better.
The wall freezes the hell hog!
The hell hog breathes fire at you.
The fireball explodes!
The fireball engulfs you!!
Your icy armour melts away.
* * * LOW HITPOINT WARNING * * *
The fireball engulfs the hell hog.
The hell hog completely resists.
Unknown command.
You feel much better.
The wall freezes the hell hog.
The hell hog bites you but does no damage.
The wall freezes the hell hog.
The hell hog breathes fire at you.
The fireball explodes!
The fireball engulfs you!!!
You die...

. #. . .
≈# .. ###
≈## # #..
# .#≈ ≈##
. ..#
#.#.. ≈ .
#..#
≈≈≈≈### .
#
#.##≈≈≈≈.#
... ≈≈≈#
## #≈#.##
#§#@# ##
#≈≈#h## #
≈.#. #.. .
.#.. h#
♣##. ...
## .# # ..
.


You could see a hell hog (catching breath).

Vanquished Creatures
  Rupert (Lair:6)
  Gastronok (Lair:3)
  Kirke (Lair:5)
  Snorg (Lair:3)
  An ettin (Orc:1)
  The ghost of Zusoliwk the Archer, a journeyman CeHu of Okawaru (Lair:1)
  A naga warrior (Snake:1)
  2 boulder beetles (D:13)
  4 ogre magi (Orc:2)
  An alligator (Swamp:1)
  A ghost crab (Swamp:1)
  9 hydras
  2 centaur warriors
  A dancing weapon (Elf:1)
  19 death yaks
  An anaconda (Snake:1)
  3 catoblepae (Lair:6)
  2 hell hogs (Abyss:2)
  15 two-headed ogres
  2 tengu warriors (D:13)
  A spriggan (Swamp:1)
  Urug (Lair:4)
  A deep elf knight (Elf:1)
  Sonja (Lair:1)
  4 goliath frogs (Swamp:1)
  2 swamp dragons (Swamp:1)
  A deep elf archer (Elf:1)
  A lindwurm (Lair:5)
  A phantasmal warrior (D:13)
  3 orc knights
  A wolf spider (Lair:5)
  A mana viper (Snake:1)
  3 orc sorcerers
  4 manticores
  2 cyclopes
  13 ugly things
  Maurice (Orc:2)
  A naga mage (Snake:1)
  16 elephants (Lair:6)
  A torpor snail (Lair:6)
  8 black mambas
  A black mamba (shapeshifter) (D:14)
  12 cane toads
  2 gargoyles
  6 komodo dragons
  A kobold demonologist (D:9)
  An efreet (D:13)
  2 bloated husks (Swamp:1)
  2 tyrant leeches
  4 trolls
  3 polar bears
  2 hornets
  15 blink frogs
  Sigmund (D:2)
  4 wraiths
  3 wyverns
  71 yaks
  2 hogs (Lair:5)
  5 basilisks
  Grum (D:8)
  11 vampire mosquitoes
  A steam dragon (D:8)
  12 swamp worms
  6 wargs
  A naga (Snake:1)
  4 acid dragons
  22 water moccasins
  2 hell hounds (Lair:3)
  26 orc warriors
  3 ice beasts
  5 black bears
  2 sky beasts
  27 ogres
  30 wolves
  7 centaurs
  A phantom (D:5)
  Blork the orc (D:5)
  3 elf zombies (Ossuary)
  14 bullfrogs
  2 gnoll sergeants
  A scorpion (D:5)
  A water moccasin zombie (D:7)
  A wyvern skeleton (D:7)
  7 killer bees
  5 howler monkeys
  18 wights
  2 electric eels
  9 centaur zombies
  A jelly (D:7)
  6 hounds
  A centaur skeleton (D:7)
  21 orc priests
  5 human zombies (Ossuary)
  An iguana (D:5)
  Natasha (thrice) (D:3)
  25 orc wizards
  3 mummies (Ossuary)
  2 howler monkey zombies (D:5)
  Robin (D:2)
  10 adders
  14 gnolls
  5 river rats
  A shadow imp (D:6)
  A white imp (D:6)
  An ufetubus (D:4)
  4 worms (D:4)
  3 dart slugs
  82 orcs
  22 ball pythons
  14 bats
  11 endoplasms
  6 giant cockroaches
  17 goblins
  13 hobgoblins
  2 jackals (D:3)
  3 quokkas
  4 frilled lizards
  7 kobolds
  30 rats
817 creatures vanquished.

Vanquished Creatures (others)
  2 humans (Lair:5)
  A wight (D:8)
  A quasit (Abyss:2)
  A bush (Lair:6)
  54 fungi
  94 plants
153 creatures vanquished.

Grand Total: 970 creatures vanquished

Notes
Turn   | Place    | Note
-------+----------+-------------------------------------------
     0 | D:1      | pkoi the Draconian Ice Elementalist began the quest for the
                  | Orb.
     0 | D:1      | Reached XP level 1. HP: 14/14 MP: 3/3
    94 | D:1      | Found a faded altar of an unknown god.
   103 | D:1      | Reached XP level 2. HP: 20/20 MP: 5/5
   613 | D:1      | Reached skill level 5 in Ice Magic
   735 | D:1      | Reached XP level 3. HP: 26/26 MP: 6/6
   739 | D:1      | Learned a level 3 spell: Frozen Ramparts
   901 | D:2      | Noticed Robin
   917 | D:2      | Killed Robin
  1138 | D:2      | Reached XP level 4. HP: 33/33 MP: 7/7
  1142 | D:2      | Learned a level 3 spell: Ozocubu's Armour
  1160 | D:2      | Found Qurgh's Armour Shoppe.
  1246 | D:2      | Noticed Sigmund
  1731 | D:3      | Reached skill level 6 in Ice Magic
  2273 | D:3      | Noticed Natasha
  2282 | D:3      | Killed Natasha
  2283 | D:3      | Reached XP level 5. HP: 31/38 MP: 5/8
  2456 | D:3      | Noticed Natasha
  2465 | D:3      | Killed Natasha
  2619 | D:4      | Found Xusmomoe's Antique Armour Shoppe.
  2621 | D:4      | Noticed a black bear
  2627 | D:4      | Killed a black bear
  2628 | D:4      | Reached skill level 7 in Ice Magic
  2628 | D:4      | Reached XP level 6. HP: 41/45 MP: 5/10
  2692 | D:4      | Found a glowing drain.
  2752 | Sewer    | Entered a sewer
  3743 | Sewer    | Your scales start taking on a glossy black colour.
  3743 | Sewer    | Reached XP level 7. HP: 42/50 MP: 0/12
  3743 | Sewer    | Gained mutation: You are resistant to electric shocks.
                  | (rElec) [Black Draconian growth]
  4232 | D:4      | Reached skill level 8 in Ice Magic
  4346 | D:4      | Noticed a yak
  4354 | D:4      | Killed a yak
  4567 | D:4      | Found a staircase to the Ecumenical Temple.
  4577 | Temple   | Entered the Ecumenical Temple
  4800 | Temple   | Became a worshipper of Sif Muna the Loreminder
  4920 | D:4      | Noticed a yak
  4923 | D:4      | Noticed a yak
  4938 | D:4      | Killed a yak
  4942 | D:4      | Killed a yak
  4943 | D:4      | Reached skill level 9 in Ice Magic
  4943 | D:4      | Reached XP level 8. HP: 23/57 MP: 5/15
  5264 | D:4      | Reached skill level 5 in Spellcasting
  5304 | D:4      | Learned a level 4 spell: Hailstorm
  6231 | D:5      | Entered Level 5 of the Dungeon
  6568 | D:5      | Identified the +1 rapier of Midwinter {spect, Will+ rCorr}
  6611 | D:5      | Reached skill level 1 in Fighting
  6611 | D:5      | Reached skill level 1 in Conjurations
  6611 | D:5      | Reached skill level 1 in Invocations
  6659 | D:5      | Noticed Blork the orc
  6663 | D:5      | Killed Blork the orc
  7041 | D:5      | Reached * piety under Sif Muna
  7399 | D:6      | Learned a level 4 spell: Airstrike
  7455 | D:6      | You fall into a shaft and drop 1 floor!
  7461 | D:7      | Reached skill level 10 in Ice Magic
  7461 | D:7      | Reached XP level 9. HP: 62/67 MP: 17/17
  7468 | D:7      | Reached skill level 1 in Air Magic
  7660 | D:7      | Learned a level 3 spell: Swiftness
  8625 | D:2      | Killed Sigmund
  8758 | D:3      | Noticed Natasha
  8768 | D:3      | Killed Natasha
  9014 | D:7      | Found a faded altar of an unknown god.
  9017 | D:7      | Found a faded altar of an unknown god.
  9017 | D:7      | Found a hazy altar of Hepliaklqana.
  9274 | D:7      | Reached ** piety under Sif Muna
  9967 | D:8      | Reached XP level 10. HP: 72/77 MP: 12/19
 10030 | D:8      | Noticed Grum
 10039 | D:8      | Killed Grum
 10293 | D:8      | Found a runed translucent door.
 10296 | D:8      | Noticed ddubois's ghost (novice OpBr)
 10311 | D:8      | Found a sand-covered staircase.
 10318 | Ossuary  | Entered an ossuary
 10797 | D:8      | Reached skill level 5 in Air Magic
 10807 | D:8      | Reached skill level 5 in Invocations
 11701 | D:9      | Reached *** piety under Sif Muna
 11952 | D:9      | Reached skill level 5 in Dodging
 12146 | D:9      | Reached skill level 5 in Conjurations
 12310 | D:9      | Reached skill level 11 in Ice Magic
 12440 | D:9      | Noticed a rust devil
 12622 | D:9      | Noticed issech's ghost (novice TrMo)
 12623 | D:9      | Found a transporter.
 12633 | D:9      | Noticed an orange demon
 12660 | D:9      | Noticed a smoke demon
 12661 | D:9      | Reached XP level 11. HP: 49/82 MP: 12/21
 12829 | D:9      | Found a transporter.
 13049 | D:10     | Entered Level 10 of the Dungeon
 13079 | D:10     | Reached **** piety under Sif Muna
 13105 | D:10     | Found a flagged portal.
 13143 | D:11     | Noticed a six-headed hydra
 13153 | D:11     | Found a staircase to the Lair.
 13237 | Bailey   | Entered a bailey
 13419 | Bailey   | Learned a level 1 spell: Apportation
 14285 | Bailey   | Noticed an orc knight
 14297 | Bailey   | Killed an orc knight
 14536 | D:10     | Reached skill level 1 in Translocations
 16085 | D:11     | Identified the +1 shortbow "Imog" {flame, rPois rCorr Int-2
                  | Dex-2}
 16116 | D:11     | Noticed PerfectTommy's ghost (journeyman TrMo)
 16121 | D:11     | Found a runed translucent gate.
 16121 | D:11     | Found a runed translucent gate.
 16121 | D:11     | Found a runed translucent gate.
 16123 | D:11     | Noticed an ettin
 16124 | D:11     | Noticed a tengu warrior
 16197 | D:11     | Found Celas's General Store.
 16225 | D:11     | Killed a six-headed hydra
 16782 | D:11     | HP: 2/82 [gargoyle/stone arrow (20)]
 17157 | Lair:1   | Entered Level 1 of the Lair of Beasts
 17185 | Lair:1   | Found a runed translucent door.
 17190 | Lair:1   | Noticed Zusoliwk's ghost (journeyman CeHu)
 17411 | Lair:1   | Reached XP level 12. HP: 89/89 MP: 24/24
 17608 | Lair:1   | Reached skill level 12 in Ice Magic
 17861 | Lair:1   | Noticed Sonja
 17869 | Lair:1   | Killed Sonja
 18949 | Lair:2   | Found a staircase to the Snake Pit.
 18972 | Lair:2   | Reached skill level 5 in Translocations
 19389 | Lair:2   | Reached ***** piety under Sif Muna
 19459 | Lair:2   | Noticed a six-headed hydra
 19501 | Lair:2   | Killed a six-headed hydra
 19502 | Lair:2   | Reached skill level 10 in Air Magic
 19531 | Lair:2   | Noticed a seven-headed hydra
 19544 | Lair:2   | Killed a seven-headed hydra
 19610 | Lair:2   | Received a gift from Sif Muna
 19611 | Lair:2   | Reached skill level 1 in Unarmed Combat
 19611 | Lair:2   | Got Yceufun's Volume of Bewitching Snow {god gift}
 20799 | Lair:2   | Found a staircase to the Swamp.
 21473 | Lair:3   | Reached skill level 13 in Ice Magic
 21506 | Lair:3   | Found a dark tunnel.
 21516 | Volcano  | Entered a volcano
 21836 | Lair:3   | Noticed a five-headed hydra
 21863 | Lair:3   | Killed a five-headed hydra
 22101 | Lair:3   | Noticed Snorg
 22127 | Lair:3   | HP: 4/89 [Snorg (3)]
 22128 | Lair:3   | Killed Snorg
 22129 | Lair:3   | Reached XP level 13. HP: 4/94 MP: 4/26
 22221 | Lair:3   | Noticed Gastronok
 22581 | Lair:3   | Killed Gastronok
 22907 | Lair:3   | Identified the +10 hunting sling of Jues {vorpal, Str+2}
 24043 | Lair:4   | Reached skill level 14 in Ice Magic
 24525 | Lair:4   | Noticed Urug
 24533 | Lair:4   | Killed Urug
 25744 | Lair:5   | Reached skill level 15 in Ice Magic
 25963 | Lair:5   | Noticed Kirke
 26018 | Lair:5   | Killed Kirke
 27378 | Lair:5   | Reached skill level 16 in Ice Magic
 28265 | Lair:6   | Entered Level 6 of the Lair of Beasts
 28307 | Lair:6   | Noticed Rupert
 28694 | Lair:6   | Reached skill level 17 in Ice Magic
 28738 | Lair:6   | Gained mutation: Your large and strong wings let you fly.
                  | [Black Draconian growth]
 28738 | Lair:6   | Reached XP level 14. HP: 92/102 MP: 21/27
 29812 | Lair:6   | Received a gift from Sif Muna
 29813 | Lair:6   | Got Sif Muna's Disquisition on Attacks {god gift}
 30051 | Lair:6   | Reached skill level 18 in Ice Magic
 30562 | Lair:6   | Killed Rupert
 31070 | Lair:6   | Found a viscous altar of Jiyva.
 31073 | Lair:6   | Found a staircase to the Slime Pits.
 31205 | Lair:6   | Reached skill level 1 in Long Blades
 31677 | Lair:6   | Reached skill level 5 in Long Blades
 33198 | D:12     | Found a staircase to the Orcish Mines.
 33374 | D:12     | Reached skill level 19 in Ice Magic
 33632 | D:12     | Identified the +1 leather armour of Shielding {Harm +Inv
                  | Str+2}
 35360 | D:13     | Reached XP level 15. HP: 107/107 MP: 11/28
 36643 | D:14     | Identified the amulet "Efeiheutach" {Faith +Blink Will+}
 36713 | D:14     | Found an iron altar of Okawaru.
 37203 | D:14     | Received a gift from Sif Muna
 37259 | D:14     | Learned a level 2 spell: Blink
 37678 | D:14     | Reached skill level 10 in Spellcasting
 38016 | Swamp:1  | Entered Level 1 of the Swamp
 38285 | Lair:1   | Killed Zusoliwk's ghost
 38410 | Lair:1   | Learned a level 1 spell: Magic Dart
 38416 | Lair:1   | Learned a level 5 spell: Iskenderun's Battlesphere
 40859 | Swamp:1  | Reached skill level 20 in Ice Magic
 41736 | Snake:1  | Entered Level 1 of the Snake Pit
 41736 | Snake:1  | Noticed Roxanne
 41736 | Snake:1  | Found Ligh's General Store.
 42515 | Orc:1    | Entered Level 1 of the Orcish Mines
 42805 | Orc:2    | Entered Level 2 of the Orcish Mines
 43372 | Orc:2    | Found a staircase to the Elven Halls.
 44186 | Orc:2    | Received a gift from Sif Muna
 44210 | Orc:2    | Got Zucejit's Guide on Beguiling {god gift}
 44759 | Orc:2    | Noticed Maurice
 44952 | Orc:2    | Killed Maurice
 45519 | Orc:1    | Reached XP level 16. HP: 54/116 MP: 24/30
 46065 | Orc:1    | Reached skill level 1 in Evocations
 46368 | Orc:2    | Found Leinytoe's Weapon Emporium.
 46368 | Orc:2    | Found Loimp's Distillery.
 46369 | Orc:2    | Found Opepipir's Distillery.
 46369 | Orc:2    | Found Uvyacs's General Store.
 46378 | Orc:2    | Bought a scroll of blinking for 105 gold pieces
 46571 | Orc:2    | Received a gift from Sif Muna
 46574 | Orc:2    | Got Impouc's Handbook of Attacks {god gift}
 47019 | Orc:2    | Bought a potion of heal wounds for 70 gold pieces
 47019 | Orc:2    | Bought a potion of heal wounds for 70 gold pieces
 47021 | Orc:2    | Bought 2 potions of invisibility for 224 gold pieces
 47036 | Elf:1    | Entered Level 1 of the Elven Halls
 47309 | Elf:1    | Cast into level 2 of the Abyss (a deep elf demonologist)
 47368 | Abyss:2  | Killed from afar by a hell hog

Illustrated notes

Levels and vault maps discovered:
D:1:      dpeg_arrival_solitude, layout_basic,
          hellmonk_ecumenical_altar_heavens_door, minmay_circled_x
D:2:      layout_rooms, serial_shops, nicolae_shop_window_shopping, uniq_robin,
          uniq_sigmund
D:3:      layout_basic, hex_large, kennysheep_generic_room_14, uniq_natasha
D:4:      layout_basic, minmay_temple_entry_statues_fountains,
          lightli_sewer_entry_pipes, serial_shops, shop
D:5:      layout_loops_corners, uniq_blork_the_orc
D:6:      layout_rooms
D:7:      nicolae_cairo_tiling_very_big, layout_basic,
          nicolae_hepliaklqana_ecumenical_no_more,
          nicolae_concentric_dashed_squares_wild, nicolae_lava_and_water,
          st_stairs_10
D:8:      layout_basic, hellmonk_ghost_happy_afterlife,
          nicolae_ossuary_entry_ruins, uniq_grum
D:9:      layout_gridville, gammafunk_ghost_arena
D:10:     layout_loops_corners, enter_bailey_5
D:11:     layout_cave_pools, erik_lair_orcish_takeover, gammafunk_ghost_split,
          serial_shops, nicolae_shop_crystal
D:12:     layout_small_grid, erik_orc_4
D:13:     layout_basic, david_vaults_4
D:14:     layout_stronghold, okawaru_gym_becter
Temple:   compressed_dpeg_triangle_lava_temple
Lair:1:   layout_cave_pods, ebering_ghost_reflecting_pool, uniq_sonja
Lair:2:   layout_cave_pods, palyth_hydra_swamp_entry,
          minmay_snake_entry_six_corridors, lemuel_fruit_fields
Lair:3:   layout_loops_ring, enter_volcano_3, uniq_gastronok, uniq_snorg
Lair:4:   layout_cave_pods, infiniplex_staircase_pool_2, uniq_urug
Lair:5:   cheibrodos_lair_overgrown_chateau, layout_cave_pods,
          nicolae_lair_run_with_the_wolves, uniq_kirke
Lair:6:   evilmike_catoblepas_cave, layout_loops_ring, slime_altar_1,
          lemuel_fruit_tree, infiniplex_staircase_pool, uniq_rupert
Swamp:1:  layout_basic_swamp, hangedman_swamp_diagram
Swamp:2:  layout_falls_marsh, evilmike_swamp_ruin_rubble_1
Snake:1:  kennysheep_snake, layout_onion, serial_shops, shop,
          serial_bayou_shore_b, uniq_azrael, uniq_roxanne
Orc:1:    layout_caves, basic_altar, mines4_lemuel
Orc:2:    st_orc_ogre_mass, layout_caves, uniq_maurice
Elf:1:    layout_geoelf_octagon, orc_legates, grunt_megastairs_4,
          minmay_shop_star
Abyss:2:  base:
Orc:2

Skill      XL: |  1  2  3  4  5  6  7  8  9 10 11 12 13 14 15 16 |
---------------+-------------------------------------------------+-----
Ice Magic      | 5 6 7 9 10 11 13 17 19 20 | 20.0
Spellcasting   | 3 4 5 6 7 8 9 10 11 | 11.0
Dodging        | 2 4 5 6 |  6.6
Stealth        | 2 3 |  3.0
Fighting       | 1 3 4 |  4.4
Conjurations   | 1 3 5 6 8 |  8.8
Invocations    | 1 4 5 7 |  7.3
Air Magic      | 3 5 7 10 | 10.5
Translocations | 3 5 |  5.0
Unarmed Combat | 1 |  1.0
Long Blades    | 8 9 |  9.8
Evocations     | 1 |  1.5

Action                   |  1- 3 |  4- 6 |  7- 9 | 10-12 | 13-15 | 16-18 || total
-------------------------+-------+-------+-------+-------+-------+-------++-------
Melee: Spear             |    90 |   191 |    70 |    22 |       |       ||   373
       Tailslap          |     4 |    16 |    28 |    68 |    47 |    11 ||   174
       Punch             |     2 |     2 |     1 |     5 |     5 |       ||    15
       Rapier            |       |       |   117 |   329 |   178 |       ||   624
       Staff             |       |       |       |       |    33 |     1 ||    34
       Dagger            |       |       |       |       |    32 |       ||    32
       Great sword       |       |       |       |       |    15 |    46 ||    61
 Fire: Shortbow          |       |       |       |   133 |       |       ||   133
       Hunting sling     |       |       |       |       |   307 |       ||   307
 Cast: Freeze            |     8 |     2 |       |       |       |       ||    10
       Frozen Ramparts   |     1 |    16 |    31 |    91 |   107 |     8 ||   254
       Ozocubu's Armour  |       |     9 |    26 |    86 |   100 |     6 ||   227
       Hailstorm         |       |       |     1 |    11 |    24 |       ||    36
       Airstrike         |       |       |       |    43 |   337 |    47 ||   427
       Magic Dart        |       |       |       |       |    36 |       ||    36
       Iskenderun's Batt |       |       |       |       |     6 |       ||     6
Invok: Channel Magic     |       |       |       |     1 |     8 |     1 ||    10
 Abil: Breathe Lightning |       |       |       |     1 |       |       ||     1
Evoke: Wand              |       |       |       |     1 |       |       ||     1
  Use: Scroll            |       |       |    16 |     9 |     2 |       ||    27
       Potion            |       |       |     6 |     3 |       |     2 ||    11
 Stab: Sleeping          |     4 |     4 |     8 |     2 |       |       ||    18
       Distracted        |       |       |     2 |     3 |     3 |       ||     8
Armor: Skin              |    32 |   128 |   105 |   408 |   458 |    53 ||  1184
Dodge: Dodged            |    57 |   207 |   133 |   594 |   486 |    54 ||  1531
